 Dungeon Crawl Stone Soup version 0.17-a0-1617-gfba1302 (webtiles) character file.

839 volk64 the Sneak (level 8, -16/52 HPs)
             Began as an Octopode Wizard on July 31, 2015.
             Was a Follower of Vehumet.
             Demolished by a red ugly thing (18 damage)
             ... on level 7 of the Dungeon on Aug 1, 2015.
             The game lasted 00:45:23 (5929 turns).

volk64 the Sneak (Octopode Wizard)                  Turns: 5929, Time: 00:45:23

Health: -16/52     AC:  1    Str:  7    XL:     8   Next: 0%
Magic:  8/16       EV: 11    Int: 21    God:    Vehumet [*.....]
Gold:   280        SH:  8    Dex: 11    Spells: 5 memorised, 7 levels left

rFire  . . .     SeeInvis .     s - +0 short sword (elec)
rCold  + . .     Clarity  .     k - +1 shield
rNeg   . . .     SustAt   .     a - +0 hat
rPois  .         Gourm    .     E - amulet of resist mutation
rElec  .         Spirit   .     p - ring of protection from cold
rCorr  .         Warding  .     u - ring of flight
rMut   +         Stasis   .     (no ring)
MR     .....                    (no ring)
Stlth  +++++.....               (no ring)
                                (no ring)
                                (no ring)
                                (no ring)

@: very slightly contaminated, not resistant to hostile enchantments, quite
stealthy
A: almost no armour, amphibious, 8 rings, constrict 8, camouflage 1, gelatinous
body 1
a: Renounce Religion, Evoke Flight


You were on level 7 of the Dungeon.
You worshipped Vehumet.
Vehumet was aware of your devotion.
You were not hungry.

You visited 2 branches of the dungeon, and saw 8 of its levels.

You collected 280 gold pieces.

Inventory:

Hand weapons
 h - a +0 glaive
 i - a +0 hand axe
 s - a +0 short sword of electrocution (weapon)
Armour
 a - a +0 hat (worn)
 k - a +1 shield (worn)
 q - a +0 buckler
Jewellery
 m - an uncursed amulet of stasis
 n - an uncursed ring of loudness
 p - a ring of protection from cold (left tentacle)
 u - a ring of flight (right tentacle)
 E - an amulet of resist mutation (around mantle)
Magical devices
 r - a wand of digging (14)
 z - a wand of cold (9)
Scrolls
 t - a scroll of fear
 x - a scroll of identify
 y - 2 scrolls of remove curse
 A - a scroll of magic mapping
 D - a scroll of enchant weapon {unknown}
Potions
 e - a potion of curing
 g - 2 potions of magic
 j - a potion of agility
 v - a potion of brilliance {unknown}
Books
 b - a book of Minor Magic

   Spells                             Type                      Level
   a - Magic Dart                     Conjuration                  1
   b - Blink                          Translocation                2
   c - Call Imp                       Summoning                    2
   d - Repel Missiles                 Charms/Air                   2
   e - Slow                           Hexes                        2
   f - Conjure Flame                  Conjuration/Fire             3
   g - Mephitic Cloud                 Conjuration/Poison/Air       3
 C - a book of Callings

   Spells                             Type                      Level
   a - Summon Small Mammal            Summoning                    1
   b - Call Imp                       Summoning                    2
   c - Call Canine Familiar           Summoning                    3
   d - Summon Guardian Golem          Hexes/Summoning              3
   e - Summon Lightning Spire         Summoning/Air                4
   f - Summon Ice Beast               Ice/Summoning                4
Comestibles
 c - 3 bread rations
 d - a royal jelly
 f - a meat ration
 l - 3 fruits
 o - 3 beef jerkies


   Skills:
 + Level 3.2 Fighting
 + Level 0.6 Short Blades
 + Level 2.8 Axes
 + Level 2.4 Throwing
 + Level 4.3 Dodging
 + Level 6.5 Stealth
 + Level 2.7 Shields
 + Level 2.6 Unarmed Combat
 + Level 5.6 Spellcasting
 + Level 4.3 Conjurations
 + Level 2.5 Summonings
 + Level 1.0 Translocations
 + Level 3.8 Fire Magic


You had 7 spell levels left.
You knew the following spells:

 Your Spells              Type           Power        Failure   Level  Hunger
a - Magic Dart            Conj           ###.         10%         1    None
b - Conjure Flame         Conj/Fire      ###.....     28%         3    ##.....
c - Call Imp              Summ           ###.....     30%         2    None
d - Blink                 Tloc           N/A          61%         2    None
e - Summon Guardian Gole  Hex/Summ       ##......     86%         3    ##.....


Dungeon Overview and Level Annotations

Branches:
Dungeon (7/15)             Temple (1/1) D:4

Altars:
Ashenzari
Cheibriados
Dithmenos
Gozag
Kikubaaqudgha
Makhleb
Nemelex Xobeh
Okawaru
Ru
Sif Muna
Trog
Vehumet
Xom
Yredelemnul
Zin
The Shining One

Shops:
D:6 (   D:7 [

Annotations:
D:3 1 runed door, Robin
D:5 Dowan


Innate Abilities, Weirdness & Mutations

You cannot wear most types of armour.
You are amphibious.
You can wear up to eight rings at the same time.
You can use your tentacles to constrict eight enemies at once.
Your skin changes colour to match your surroundings (Stealth).
Your rubbery body absorbs attacks (AC +1).


Message History

Your crimson imp hits the red ugly thing but does no damage.
Your iron imp hits the red ugly thing!
You are too injured to fight recklessly!
You are too injured to fight recklessly!
Drink which item? (? for menu, Esc to quit)
You feel much better. The red ugly thing gores you.
You are engulfed in flames!!
* * * LOW HITPOINT WARNING * * *
Your crimson imp hits the red ugly thing.
Your iron imp closely misses the red ugly thing.
Your crimson imp blinks! x2
You block the red ugly thing's attack.
Your crimson imp blinks!
Your iron imp hits the red ugly thing!
The red ugly thing gores you but does no damage.
Your crimson imp blinks!
The red ugly thing gores you!
* * * LOW HITPOINT WARNING * * *
You are engulfed in flames!!
You die...

.................#####
#................<...#
#............#.#.###.#
#.(...[..........#
........##.#.#######.
#.....##+#.........
#∩.......5.....###
#.......5§u....#
#.#........@....#
#.............(.#
+...............#
#...............#
#...#............#
.....#.........##.#
.... #........## ##
##.. #...####.# #...#
.#


You could see a red ugly thing, a friendly iron imp and a friendly crimson imp.

Vanquished Creatures
  An ogre (D:4)
  A centaur (D:5)
  A giant frog zombie (D:5)
  2 orc priests (D:5)
  A giant frog skeleton (D:4)
  A centaur skeleton (D:4)
  A hound (D:6)
  3 worker ants (D:5)
  A killer bee zombie (D:6)
  A worker ant zombie (D:5)
  8 adders
  An adder skeleton (D:6)
  A worm (D:5)
  3 giant geckos
  3 orcs
  3 ball pythons
  7 bats
  A giant cockroach (D:3)
  6 hobgoblins
  5 jackals
  3 quokkas
  5 giant newts
  2 goblins
  2 kobolds (D:2)
  4 rats
67 creatures vanquished.

Vanquished Creatures (collateral kills)
  3 ogres
  A centaur skeleton (D:4)
  A jelly (D:5)
  An orc priest (D:5)
  A worker ant (D:4)
  An adder (D:5)
  3 gnolls (D:6)
  A worm (D:5)
  2 orcs (D:4)
  A goblin (D:3)
  A hobgoblin (D:3)
  2 jackals (D:4)
18 creatures vanquished.

Vanquished Creatures (others)
  4 toadstools (D:1)
4 creatures vanquished.

Grand Total: 89 creatures vanquished

Notes
Turn   | Place    | Note
--------------------------------------------------------------
     0 | D:1      | volk64 the Octopode Wizard began the quest for the Orb.
     0 | D:1      | Reached XP level 1. HP: 11/11 MP: 4/4
   379 | D:1      | Reached XP level 2. HP: 1/17 MP: 0/6
  1477 | D:2      | Reached XP level 3. HP: 15/22 MP: 7/7
  1524 | D:2      | Learned a level 3 spell: Conjure Flame
  1760 | D:2      | Reached skill level 5 in Stealth
  1760 | D:2      | Reached skill level 5 in Spellcasting
  1760 | D:2      | Reached XP level 4. HP: 26/30 MP: 9/11
  2035 | D:2      | Found a bloodstained altar of Trog.
  2161 | D:2      | Learned a level 2 spell: Call Imp
  2164 | D:2      | Learned a level 2 spell: Blink
  2363 | D:3      | Found a glowing golden altar of the Shining One.
  2368 | D:3      | Found a runed door.
  2368 | D:3      | Noticed an angel
  2573 | D:3      | Found an iron altar of Okawaru.
  2573 | D:3      | Found a bloodstained altar of Trog.
  2849 | D:3      | Noticed Robin
  2965 | D:4      | Found an ancient bone altar of Kikubaaqudgha.
  3083 | D:4      | Reached XP level 5. HP: 36/36 MP: 8/12
  3253 | D:4      | Upgraded the game from 0.17-a0-1596-g1e86911 to 0.17-a0-1617-gfba1302
  3358 | D:4      | Found a staircase to the Ecumenical Temple.
  3373 | Temple   | Entered the Ecumenical Temple
  3399 | Temple   | Became a worshipper of Vehumet
  3697 | D:4      | Noticed an ogre
  3703 | D:4      | Killed an ogre
  3703 | D:4      | Reached XP level 6. HP: 42/42 MP: 5/13
  3802 | D:4      | Noticed an ogre
  3806 | D:4      | Killed an ogre
  4168 | D:5      | Entered Level 5 of the Dungeon
  4214 | D:5      | Reached XP level 7. HP: 20/46 MP: 11/15
  4469 | D:5      | Acquired Vehumet's first power
  4469 | D:5      | Offered knowledge of Sandblast by Vehumet.
  4681 | D:5      | Noticed Dowan
  4762 | D:5      | Reached skill level 6 in Stealth
  5549 | D:6      | Found Plog's Weapon Boutique.
  5617 | D:6      | Reached XP level 8. HP: 41/52 MP: 6/16
  5740 | D:6      | Learned a level 3 spell: Summon Guardian Golem
  5908 | D:7      | Found Alonlowk's Armour Boutique.
  5909 | D:7      | Noticed a brown ugly thing
  5929 | D:7      | HP: 2/52 [red ugly thing (12)]
  5929 | D:7      | Demolished by a red ugly thing

Vault maps used:
D:1:      ldierk_water_garden
D:2:      trog_book
D:3:      amethyst_overflow_temple_binary, lemuel_angel_altar, uniq_robin
D:4:      lemuel_round_altar, temple_pool_a, first_bread
D:5:      kennysheep_opposing_triangles, uniq_duvessa
D:6:      serial_shops, shop, uniq_eustachio
D:7:      kennysheep_six_static_rooms, gammafunk_temple_overflow_elements,
          serial_shops, shop, grunt_livestock, grunt_gozag_statues
Temple:   circular_temple_12

Action                   |  1- 3 |  4- 6 |  7- 9 || total
-------------------------+-------+-------+-------++-------
Melee: Unarmed           |    28 |       |       ||    28
       Hand axe          |    27 |    47 |       ||    74
       Short sword       |       |    22 |    59 ||    81
 Cast: Magic Dart        |     3 |     2 |       ||     5
       Conjure Flame     |     1 |     4 |     1 ||     6
       Call Imp          |       |    14 |    14 ||    28
  Use: Potion            |     4 |     3 |     1 ||     8
       Scroll            |     3 |     8 |     5 ||    16
 Stab: Sleeping          |     8 |     4 |     9 ||    21
       Distracted        |       |     1 |       ||     1
  Eat: Chunk             |     3 |     7 |     4 ||    14
       Bread ration      |       |       |     1 ||     1
